 Dungeon Crawl Stone Soup version 0.31-a0-845-g9abc20d24f (webtiles) character file.

Game seed: 11253636073269452066

3595 Flugkiller the Grappler (level 9, -5/84 HPs)
             Began as an Armataur Shapeshifter on Oct 2, 2023.
             Was a Believer of Wu Jian.
             Slain by an unseen horror (6 damage)
             ... on level 10 of the Dungeon.
             The game lasted 00:07:56 (7096 turns).

Flugkiller the Grappler (Armataur Shapeshifter)     Turns: 7096, Time: 00:07:57

Health: -5/84      AC: 11    Str: 23 (26) XL:     9   Next: 85%
Magic:  9/9        EV:  6    Int: 11 (17) God:    Wu Jian [**....]
Gold:   329        SH:  0    Dex:  4 (7)  Spells: 8/8 levels left

rFire   . .          .
                       - Unarmed
rCold   . . .        (no shield)
rNeg    . . .        h - +4 chain mail
rPois   .            (helmet currently unavailable)
rElec   .            (cloak currently unavailable)
rCorr   .            (gloves currently unavailable)
SInv    .            (no barding)
Will    +....        (no amulet) Stlth
                     (no ring)
HPRegen 0.34/turn    (no ring)
MPRegen 0.11/turn

%: no passive effects
@: beast-form
A: beast (slay +4), large, rugged brown scales 3, deformed body, armoured tail,
(roll), long tongue, awkward tongue, antennae 2, stinger 1, clever 2,
strong-willed 1, strong 1
a: Begin Untransformation, Renounce Religion, Wall Jump


You were on level 10 of the Dungeon.
You worshipped Wu Jian.
Wu Jian was pleased with you.
You were a hulking beast.
You visited 1 branch of the dungeon, and saw 8 of its levels.

You collected 329 gold pieces.

Inventory:

Armour
 h - a +4 chain mail (worn)
   (You took it off an orc warrior on level 5 of the Dungeon)
 l - a +0 tower shield
   (You found it on level 4 of the Dungeon)
 m - a +0 leather armour
   (You found it on level 1 of the Dungeon)
 o - a +0 pair of gloves
   (You found it on level 3 of the Dungeon)
 p - a +0 helmet
   (You found it on level 3 of the Dungeon)
Talismans
 c - a beast talisman (active)
 d - a flux talisman
 e - a blade talisman
   (You found it on level 1 of the Dungeon)
 u - a serpent talisman
   (You found it on level 5 of the Dungeon)
Scrolls
 g - a scroll of enchant weapon
 i - a scroll of vulnerability
Potions
 a - 2 potions of brilliance
 b - a potion of enlightenment
 n - a potion of resistance


   Skills:
 + Level 7.6 Fighting
 - Level 1.3 Dodging
 + Level 8.0 Unarmed Combat
 + Level 7.3 Shapeshifting


You had 8 spell levels left.
You didn't know any spells.
Your spell library contained the following spells:

 Spells                   Type           Power      Damage    Failure   Level
 Apportation              Tloc           0%         N/A       94%         1
 Necrotise                Necr           0%         1d4       94%         1
 Summon Small Mammal      Summ           0%         N/A       94%         1
 Jinxbite                 Hex            0%         N/A       98%         2
 Wereblood                Tmut           0%         N/A       98%         2
 Alistair's Intoxication  Tmut/Pois      0%         N/A       100%        5
 Irradiate                Conj/Tmut      0%         3d11      100%        5


Dungeon Overview and Level Annotations

Branches:
Dungeon (7/15) Zot: 26871  Temple (0/1) D:5

Altars:
Dithmenos
Trog
Wu Jian


Innate Abilities, Weirdness & Mutations

You are a hulking beast.
Your limbs bulge with bestial killing power. (Slay +4)
You are completely covered in rugged brown scales. (AC +3, +7% HP)
Armour fits poorly on your strangely shaped body.
You have a long armoured tail.
((You roll when moving toward enemies. (Rampage)))
Your long tongue fully drains potion bottles. (2x potion effects)
Your tongue gives you trouble enunciating. (1.5x scroll delay)
You have a pair of antennae on your head.
Your tail ends in a venomous barb.
Your mind is very acute. (Int +8, Str/Dex -2)
You are strong-willed. (Will+)
Your muscles are strong. (Str +4, Int/Dex -1)


Message History

Something hits you but does no damage.
You see here a +1 heavy orcbow.
You spin and attack the vampire.
You hit the vampire.
The vampire is lightly damaged.
Something hits you.
The vampire hits you but does no damage.
The vampire bites you.
The vampire draws strength from your injuries!
You spin and attack the yak.
You punch the yak!
The yak is moderately wounded.
An orc comes into view. It is wielding a +0 dagger.
The yak gores you but does no damage. Something hits you but does no damage.
Something hits you!
* * * LOW HITPOINT WARNING * * *
Something hits you.
* * * LOW HITPOINT WARNING * * *
Something hits you but does no damage.
A yak comes into view.
Something hits you but does no damage.
Unknown command.
Okay, then.
Blink to where?
Press: ? - help, Dir - move target, f - you Blink to where?
Press: ? - help, Dir - move target As you slowly read the scroll labelled BINIS KA FEOR, it crumbles to dust.
It was a scroll of blinking.
A yak comes into view.
Okay, then.
Okay, then.
Okay, then.
Aiming: Paralyse
Press: ? - help, Shift-Dir - straight line, f - yak
Aim: a yak (chance to affect: 49%)
The yak suddenly stops moving!
The sentinel's mark upon you fades away.
A kobold comes into view.
It is wielding a +0 dagger and quivering poisoned darts.
The kobold throws a poisoned dart.
The poisoned dart closely misses you.
You see here 5 poisoned darts.
The kobold throws a poisoned dart.
The poisoned dart hits you!
You are poisoned.
You feel sick.
You feel sick.
You feel sick.
The kobold throws a poisoned dart.
The poisoned dart hits you.
You are more poisoned.
You feel sick.
The kobold throws a poisoned dart.
The poisoned dart barely misses you.
You feel sick.
You feel sick.
You feel sick.
You hit the kobold but do no damage. Your punch misses the kobold.
You feel sick.
You punch the kobold!
You kill the kobold!
The Council accepts your kill.
Your Unarmed Combat skill increases to level 8!
Unknown command.
You feel sick.
You feel sick.
You are no longer poisoned.
Found a short sword.
Aiming: Paralyse
Press: ? - help, Shift-Dir - straight line, f - you Nothing appears to happen.
Something hits you.
* * * LOW HITPOINT WARNING * * *
You barely miss something.
Something hits you but does no damage. x2
You barely miss something. Something hits you but does no damage.
Aiming: Paralyse
Press: ? - help, Shift-Dir - straight line Nothing appears to happen.
The now-empty wand crumbles to dust.
Something hits you.
* * * LOW HITPOINT WARNING * * *
Okay, then.
Unknown command.
Unknown command.
Okay, then.
Unknown command.
You miss something. Something hits you but does no damage.
Unknown command.
You hit something.
Your tail-slap misses something.
Something hits you.
* * * LOW HITPOINT WARNING * * *
Unknown command.
Something hits you but does no damage.
Unknown command.
You miss something. Something hits you.
* * * LOW HITPOINT WARNING * * *
You miss something. Something hits you but does no damage.
Unknown command.
You punch something!
Something hits you but does no damage. x2
You barely miss something.
Something hits you but does no damage. x2
You punch something! You tail-slap something.
Something hits you but does no damage. Something hits you.
* * * LOW HITPOINT WARNING * * *
Okay, then.
You closely miss something.
Something hits you but does no damage. x2
Unknown command.
You closely miss something.
The yak bellows!
Something hits you but does no damage. Something hits you.
You die...

#.# #.# ...
#.#
#...#####.#
#.........#
..).......#
..........#
........{h#
........{Y#
..........#
..........#
..........#
..........#
...........#
.....Y.....#
............#


You could see 2 yaks.

Vanquished Creatures
  Maggie (D:6)
  Jeremiah (D:6)
  Prince Ribbit (D:5)
  Sigmund (D:2)
  5 yaks (D:6)
  An orc warrior (D:5)
  2 sky beasts (D:7)
  3 ogres (D:5)
  A black bear (D:5)
  4 centaurs
  2 phantoms
  Blork the orc (D:4)
  2 scorpions
  3 killer bees (D:7)
  3 hounds
  3 orc priests
  2 sleepcaps
  3 iguanas
  Natasha (twice) (D:2)
  2 orc wizards (D:5)
  5 adders
  A shadow imp (D:5)
  A white imp (D:7)
  An ufetubus (D:6)
  A worm (D:2)
  5 dart slugs
  16 orcs
  2 ball pythons
  3 endoplasms
  2 giant cockroaches
  3 goblins
  8 hobgoblins
  2 jackals (D:1)
  9 kobolds
  7 quokkas
  3 bats
  3 frilled lizards
  5 rats
120 creatures vanquished.

Notes
Turn   | Place    | Note
-------+----------+-------------------------------------------
     0 | D:1      | Flugkiller the Armataur Shapeshifter began the quest for
                  | the Orb.
     0 | D:1      | Reached XP level 1. HP: 16/16 MP: 1/1
    25 | D:1      | Reached skill level 1 in Fighting
    83 | D:1      | Reached XP level 2. HP: 24/24 MP: 2/2
   308 | D:1      | Reached skill level 3 in Unarmed Combat
   711 | D:2      | Noticed Sigmund
   721 | D:2      | Killed Sigmund
   722 | D:2      | Reached XP level 3. HP: 7/32 MP: 3/3
   722 | D:2      | Reached XP level 4. HP: 9/39 MP: 4/4
   722 | D:2      | Reached XP level 5. HP: 11/47 MP: 5/5
  1317 | D:2      | Noticed Natasha
  1324 | D:2      | Killed Natasha
  1325 | D:2      | Reached skill level 4 in Unarmed Combat
  1454 | D:2      | Noticed Natasha
  1464 | D:2      | Killed Natasha
  1647 | D:2      | Reached XP level 6. HP: 37/54 MP: 6/6
  1788 | D:3      | Found a faded altar of an unknown god.
  2377 | D:3      | Found a shadowy altar of Dithmenos.
  2377 | D:3      | Found an ornate altar of the Wu Jian Council.
  2430 | D:3      | Became a worshipper of the Wu Jian Council
  3242 | D:4      | Noticed Blork the orc
  3253 | D:4      | Killed Blork the orc
  3254 | D:4      | Reached XP level 7. HP: 34/62 MP: 7/7
  3654 | D:5      | Entered Level 5 of the Dungeon
  3702 | D:5      | Reached skill level 5 in Unarmed Combat
  3731 | D:4      | Reached skill level 5 in Shapeshifting
  4204 | D:5      | Reached * piety under Wu Jian
  4429 | D:5      | Reached skill level 5 in Fighting
  4429 | D:5      | Reached XP level 8. HP: 42/72 MP: 8/8
  4536 | D:5      | Found a staircase to the Ecumenical Temple.
  4926 | D:5      | Gained mutation: Your muscles are strong. (Str +4, Int/Dex
                  | -1) [potion of mutation]
  4926 | D:5      | Gained mutation: Your tail ends in a venomous barb. [potion
                  | of mutation]
  4926 | D:5      | Gained mutation: You are strong-willed. (Will+) [potion of
                  | mutation]
  4926 | D:5      | Gained mutation: You have a pair of small antennae on your
                  | head. [potion of mutation]
  4926 | D:5      | Gained mutation: You have a pair of antennae on your head.
                  | [potion of mutation]
  4926 | D:5      | Gained mutation: Your mind is acute. (Int +4, Str/Dex -1)
                  | [potion of mutation]
  4926 | D:5      | Gained mutation: Your mind is very acute. (Int +8, Str/Dex
                  | -2) [potion of mutation]
  4936 | D:5      | Reached skill level 6 in Unarmed Combat
  5156 | D:6      | Noticed Maggie
  5157 | D:6      | Noticed Prince Ribbit
  5157 | D:6      | Noticed Jeremiah
  5291 | D:5      | Killed Prince Ribbit
  5594 | D:6      | Found a bloodstained altar of Trog.
  5701 | D:6      | Reached XP level 9. HP: 56/82 MP: 9/9
  5715 | D:6      | Reached skill level 7 in Unarmed Combat
  6124 | D:6      | Killed Maggie
  6139 | D:6      | Killed Jeremiah
  6612 | D:7      | Reached ** piety under Wu Jian
  6965 | D:7      | You fall into a shaft and drop 3 floors!
  6965 | D:10     | Entered Level 10 of the Dungeon
  7075 | D:10     | Reached skill level 8 in Unarmed Combat
  7085 | D:10     | HP: 2/84 [something (4)]
  7094 | D:10     | HP: 1/84 [something (3)]
  7096 | D:10     | Slain by an unseen horror

Illustrated notes

Levels and vault maps discovered:
D:1:      ncdulo_wetmaze, layout_basic
D:2:      minmay_razor_zed, layout_basic, uniq_sigmund, uniq_natasha
D:3:      layout_loops_corners, mainiacjoe_overflow_large_starburst,
          basic_ecumenical_altar
D:4:      layout_loops_ring, nrook_mini_backslash, uniq_blork_the_orc
D:5:      layout_rooms, minmay_temple_entry_hall
D:6:      layout_basic, trog_three_pillars_becter, uniq_prince_ribbit1,
          uniq_jeremiah, uniq_maggie
D:7:      layout_basic, tgw_kikubaaqudgha, uniq_pikel
D:10:     layout_small_grid, mainiacjoe_overflow_catwalk

Skill      XL: |  1  2  3  4  5  6  7  8  9 |
---------------+----------------------------+-----
Fighting       | 1 2 3 5 6 7 |  7.6
Unarmed Combat | 3 4 5 6 8 |  8.0
Shapeshifting  | 3 4 5 6 7 |  7.3
Dodging        | |  1.3

Action                     |  1- 3 |  4- 6 |  7- 9 || total
---------------------------+-------+-------+-------++-------
  Melee: Unarmed           |    42 |   132 |   284 ||   458
         Punch             |     3 |     1 |     7 ||    11
         Tailslap          |     4 |    11 |    34 ||    49
Ability: Lunge             |       |     2 |    22 ||    24
         Whirlwind         |       |       |     4 ||     4
  Evoke: Wand              |       |       |     3 ||     3
    Use: Potion            |     1 |     1 |    11 ||    13
         Scroll            |       |     4 |     9 ||    13
 Armour: Animal skin       |    14 |       |       ||    14
         Leather armour    |     4 |    46 |       ||    50
         Skin              |       |     6 |       ||     6
         Chain mail        |       |    35 |   331 ||   366
  Dodge: Dodged            |    11 |    34 |    87 ||   132

Table legend: (Time is in decaauts)
 A = Elapsed time spent in this place.
 B = Non-inter-level travel time spent in this place.
 C = Inter-level travel time spent in this place.
 D = Time resting spent in this place.
 E = Time spent auto-exploring this place.
 F = Levels seen in this place.
 G = Mean time per level.
                   A        B        C        D        E       F      G
               +--------+--------+--------+--------+--------+-----+--------+
         Total |   7029 |   6549 |    480 |   2445 |   2936 |   8 |  878.6 |
       Dungeon |   7029 |   6549 |    480 |   2445 |   2936 |   8 |  878.6 |
               +--------+--------+--------+--------+--------+-----+--------+

Top non-repeatable levels by time:
     D:5: 1426 daAuts
     D:4: 1353 daAuts
     D:2: 1164 daAuts
     D:6: 926 daAuts
     D:3: 845 daAuts
     D:1: 682 daAuts
     D:7: 503 daAuts
    D:10: 127 daAuts
